 Dungeon Crawl Stone Soup version 0.30-b1-2-g02819fbbbe (webtiles) character file.

Game seed: 4799945805033556855

44 Borgoz the Trooper (level 3, -1/29 HPs)
             Began as a Human Fighter on June 25, 2023.
             Asphyxiated
             ... on level 2 of the Dungeon.
             The game lasted 00:01:22 (589 turns).

Borgoz the Trooper (Human Fighter)                   Turns: 589, Time: 00:01:23

Health: -1/29      AC: 10    Str: 16    XL:     3   Next: 87%
Magic:  3/3        EV:  8    Int: 10    God:
Gold:   84         SH:  4    Dex: 12    Spells: 2/2 levels left

rFire   . . .        a - +0 long sword
rCold   . . .        c - +0 buckler
rNeg    . . .        b - +0 scale mail
rPois   .            i - +2 helmet
rElec   .            (no cloak)
rCorr   .            (no gloves)
SInv    .            (no boots)
Will    .....        (no amulet) Stlth
                     (no ring)
HPRegen 0.24/turn    (no ring)
MPRegen 0.08/turn

%: no passive effects
@: lethally poisoned (-1 -> -5), slowed, very slow
A: no striking features
a: no special abilities


You were on level 2 of the Dungeon.
You visited 1 branch of the dungeon, and saw 2 of its levels.

You collected 84 gold pieces.

Inventory:

Hand Weapons
 a - a +0 long sword (weapon)
Armour
 b - a +0 scale mail (worn)
 c - a +0 buckler (worn)
 i - a +2 helmet (worn)
 k - a +0 plate armour
Scrolls
 e - a scroll of amnesia {unknown}
 f - a scroll of summoning {unknown}
 g - a scroll of vulnerability {unknown}
 h - a scroll of noise {unknown}
Potions
 d - a potion of might
 j - a potion of magic {unknown}


   Skills:
 + Level 3.4 Fighting
 + Level 2.5 Long Blades
 + Level 3.4 Armour
 + Level 3.3 Shields


You had 2 spell levels left.
You didn't know any spells.
Your spell library was empty.

Dungeon Overview and Level Annotations

Branches:
Dungeon (2/15)

Altars:


Message History

The adder is severely wounded.
You feel sick.
The goblin shouts!
The adder barely misses you.
The goblin throws a curare-tipped dart.
The curare-tipped dart hits you.
You are more poisoned.
You have difficulty breathing.
You feel yourself slow down. The adder completely misses you.
You closely miss the adder.
The adder is severely wounded.
You feel very sick. The adder bites you. You block the adder's attack. x2
You are too injured to fight recklessly!
You are too injured to fight recklessly!
You are too injured to fight recklessly!
You are too injured to fight recklessly!
You are too injured to fight recklessly!
You are too injured to fight recklessly!
You are too injured to fight recklessly!
You feel sick. The adder bites you but does no damage.
Okay, then.
Okay, then.
You miss the adder.
The adder is heavily wounded.
You feel sick. The adder closely misses you. x2
You miss the adder.
The adder is heavily wounded.
You feel sick. The adder closely misses you. The adder barely misses you.
The adder bites you but does no damage.
You miss the adder.
The adder is heavily wounded.
You feel sick.
You are no longer poisoned.
The adder bites you.
* * * LOW HITPOINT WARNING * * *
The adder barely misses you.
The goblin throws a curare-tipped dart.
The curare-tipped dart hits you.
You are poisoned.
You have difficulty breathing.
You die...

......# ...# . .....#
##.#.####. ....##
##>.#.#........
#####..####..##...#......
....#.........)..##g.....
.<...............#.......
...#.#...........#..... .
._...#...........#... ...
...<.#†.........@#$#.....
.#...#..........S..g.....
....##..........#....###.
#.###...............>....
......##.#####......#....
....## #.# ...###......
#### .# ...## ...### #.#.
...# .... ....


You could see an adder and a goblin.

Vanquished Creatures
  A dart slug (D:1)
  5 endoplasms
  A giant cockroach (D:1)
  2 goblins (D:1)
  2 hobgoblins (D:1)
  6 jackals (D:1)
  A kobold (D:1)
  2 quokkas (D:1)
  5 ball pythons (D:1)
  4 bats (D:1)
  2 frilled lizards (D:1)
  8 rats
39 creatures vanquished.

Notes
Turn   | Place    | Note
-------+----------+-------------------------------------------
     0 | D:1      | Borgoz the Human Fighter began the quest for the Orb.
     0 | D:1      | Reached XP level 1. HP: 18/18 MP: 1/1
    46 | D:1      | Reached XP level 2. HP: 24/24 MP: 2/2
   213 | D:1      | Reached XP level 3. HP: 29/29 MP: 3/3
   531 | D:2      | Found a faded altar of an unknown god.
   589 | D:2      | Asphyxiated

Illustrated notes

Levels and vault maps discovered:
D:1:      minmay_arrival_checkered_box, layout_rooms
D:2:      layout_rooms, nicolae_ecumenical_pavilion, uniq_natasha

Action                     || total
---------------------------++-------
  Melee: Long sword        ||   125
 Armour: Scale mail        ||    83
  Dodge: Dodged            ||    68
  Block: Buckler           ||    45
